Senators vs Inferno
Created - 3 octobre 2014 at 20:19
Goals
|
| Senators |
0 |
2 |
4 |
6 |
| Inferno |
0 |
4 |
3 |
7 |
|
Shots
|
| Senators |
9 |
4 |
21 |
34 |
| Inferno |
19 |
5 |
11 |
35 |
|
1st period
No Goal
Penalties :
Rob Niedermayer (BIN) for Hooking (Minor) at 18:41
2nd period
1. Inferno , Colin Wilson 5 (Brad Marchand, Jonathan Ferland) at 4:10
2. Senators , B.J. Crombeen 1 (Rob Niedermayer) at 5:03
3. Inferno , Brad Marchand 5 (Colin Wilson, Jonathan Ferland) at 5:13
4. Senators , Niklas Hagman 1 (B.J. Crombeen, Rob Niedermayer) at 9:08 (PP)
5. Inferno , Pavel Vorobiev 3 (Andrej Sekera, Brendan Mikkelson) at 11:52
6. Inferno , Alex Berry 1 (Stephane Veilleux, Yannick Weber) at 13:42
Penalties :
Niklas Hagman (BIN) for Hooking (Minor) at 5:24, Cal O'Reilly (Anc) for Interference (Minor) at 9:03, Vladimir Sobotka (Anc) for Roughing (Minor) at 14:31
3rd period
7. Senators , Steven Goertzen 2 (Brett Sterling, Logan Stephenson) at 1:07
8. Inferno , Brad Marchand 6 (Colin Wilson, Andrej Sekera) at 1:44
9. Senators , Erik Karlsson 1 (Rob Niedermayer) at 3:20 (PP)
10. Senators , Josh Hennessy 2 (Sergei Kostitsyn) at 3:53
11. Inferno , Vladimir Sobotka 1 (Cal O'Reilly, Stephane Veilleux) at 5:36 (PP)
12. Inferno , Travis Hamonic 2 (Alex Berry, Cal O'Reilly) at 7:05
13. Senators , Stanislav Chistov 1 (Josh Hennessy, Sergei Kostitsyn) at 15:05 (PP)
Penalties :
Matt Kassian (Anc) for Elbowing (Minor) at 3:03, Vladimir Mihalik (BIN) for Slashing (Minor) at 4:47, Steven Goertzen (BIN) for Holding (Minor) at 8:50, Shane Sims (BIN) for Tripping (Minor) at 10:58, Mark Mitera (Anc) for Hooking (Minor) at 13:31, Cody Hodgson (BIN) for Roughing (Minor) at 16:36
Goalie Stats
Alexander Salak (BIN), 2 saves from 2 shots - (1,000), 12:22 minutes
Jacob Markstrom (BIN), 26 saves from 33 shots - (0,788), L, 0-5-0, 47:05 minutes
Josh Harding (Anc), 28 saves from 34 shots - (0,824), W, 3-1-0, 60:00 minutes
Players Stats for Senators
Player Name G A P +/- PIM S H SB GA TA FO MP PP MP PK MP
------------------------------------------------------------------------------------
B.J. Crombeen 1 1 2 0 0 8 2 0 0 1 5/12 24:22 1:31 6:10
Brett Sterling 0 1 1 0 0 1 3 0 0 0 0/2 13:59 0:00 4:01
Cody Hodgson 0 0 0 0 2 0 0 0 0 0 4/8 10:23 0:00 0:26
Erik Karlsson 1 0 1 0 0 1 1 1 0 1 0/0 19:32 1:22 4:30
Gabriel Bourque 0 0 0 0 0 0 1 0 0 1 0/0 7:07 0:00 0:43
Jack Skille 0 0 0 0 0 0 0 0 0 0 0/0 6:33 0:09 0:00
Josh Hennessy 1 1 2 -3 0 7 1 0 1 1 9/18 18:15 2:18 3:32
Logan Stephenson 0 1 1 0 0 1 1 1 0 0 0/0 19:32 1:22 4:30
Mark Olver 0 0 0 0 0 0 1 0 0 0 2/3 6:24 0:00 0:00
Milan Jurcina 0 0 0 -2 0 0 5 6 1 0 0/0 29:44 2:33 6:14
Niklas Hagman 1 0 1 0 2 3 0 0 0 0 2/3 20:36 1:28 2:10
Patrick Wey 0 0 0 -1 0 0 0 1 0 0 0/0 11:21 0:00 0:37
Rob Niedermayer 0 3 3 0 2 6 1 0 0 1 12/23 22:56 1:28 4:26
Sergei Kostitsyn 0 2 2 -3 0 2 1 1 3 0 0/0 14:13 2:18 0:00
Shane Sims 0 0 0 -1 2 1 0 0 0 0 0/0 11:05 0:00 0:00
Stanislav Chistov 1 0 1 -3 0 3 2 0 0 1 1/1 14:13 2:18 0:00
Steven Goertzen 1 0 1 0 2 1 3 1 0 0 0/0 9:49 0:15 0:00
Vladimir Mihalik 0 0 0 -2 2 0 0 1 0 1 0/0 29:06 2:33 5:37
Players Stats for Inferno
Player Name G A P +/- PIM S H SB GA TA FO MP PP MP PK MP
------------------------------------------------------------------------------------
Alex Berry 1 1 2 1 0 1 0 0 0 0 0/0 10:33 1:48 0:00
Andrej Sekera 0 2 2 2 0 0 0 1 1 1 0/0 30:12 6:15 3:04
Brad Marchand 2 1 3 2 0 6 1 0 1 0 3/4 23:30 5:14 1:22
Brendan Mikkelson 0 1 1 1 0 0 0 2 0 0 0/0 19:25 4:29 1:49
Brian Boyle 0 0 0 1 0 1 1 0 1 0 4/10 12:42 0:05 2:23
Cal O'Reilly 0 2 2 0 2 3 2 1 0 0 2/4 11:34 3:26 0:51
Colin Wilson 1 2 3 2 0 4 1 1 1 1 20/37 20:50 5:05 0:00
David Ullstrom 0 0 0 1 0 1 1 0 0 0 0/0 9:50 0:00 0:00
Jonathan Ferland 0 2 2 2 0 6 0 1 0 0 0/2 23:46 5:05 2:25
Mark Mitera 0 0 0 0 2 0 1 0 0 0 0/0 12:06 0:00 0:51
Matt Kassian 0 0 0 0 2 0 3 1 0 0 0/0 8:01 0:26 0:00
Pavel Vorobiev 1 0 1 0 0 4 2 0 0 0 0/0 12:58 0:00 0:00
Simon Danis-Pepin 0 0 0 0 0 0 0 0 0 1 0/0 11:21 0:00 0:00
Stephane Veilleux 0 2 2 0 0 3 3 0 0 0 0/0 17:34 5:04 0:20
Travis Hamonic 1 0 1 2 0 2 1 2 2 1 0/0 29:11 6:15 2:06
Vladimir Sobotka 1 0 1 0 2 3 1 1 1 1 6/13 17:42 5:04 0:29
Vladimir Zharkov 0 0 0 0 0 0 1 0 0 0 0/0 7:02 0:55 0:00
Yannick Weber 0 1 1 1 0 1 3 0 0 0 0/0 17:44 4:29 0:00
3 Stars
1 - Brad Marchand (Anc)
2 - Colin Wilson (Anc)
3 - Alex Berry (Anc)
Power Play
Senators - 3 on 4 Attempt(s) - 75,00%
Inferno - 1 on 6 Attempt(s) - 16,67%
Penalty Kill
Senators - 5 on 6 Attempt(s) - 83,33%
- Score 0 goal in Penalty Kill
Inferno - 1 on 4 Attempt(s) - 25,00%
- Score 0 goal in Penalty Kill
Official
Referees : Devorski Paul and Hasenfratz Mike
Linesman : Darren Gibbs and Derek Amell
Game Notes
Vladimir Zharkov is injured at 4:53 of 2nd period (Back Spasms)
Alexander Salak enters game at 7:05 of 3rd period
Finance
Level 1 -- Attendance: 1580 (79,00%) -- Ticket Income 55 300 $
Level 2 -- Attendance: 684 (68,40%) -- Ticket Income 10 260 $
Total Attendance: 2264 (75,47%)
Total Ticket Income: 65 560 $
Other Income: 3 278 $
Total Income: 68 838 $
Senators
5 vs 5 Forward
Center Left Wing Right Wing Time % Phy DF OF
1 Rob Niedermayer Niklas Hagman B.J. Crombeen 37 1 2 2
2 Josh Hennessy Sergei Kostitsyn Stanislav Chistov 30 1 2 2
3 Cody Hodgson Brett Sterling Steven Goertzen 22 1 2 2
4 Mark Olver Gabriel Bourque Jack Skille 11 1 2 2
5 vs 5 Defense
Defense Defense Time % Phy DF OF
1 Vladimir Mihalik Milan Jurcina 40 1 2 2
2 Logan Stephenson Erik Karlsson 30 1 2 2
3 Shane Sims Patrick Wey 20 1 2 2
4 Vladimir Mihalik Milan Jurcina 10 1 2 2
PowerPlay Forward
Center Left Wing Right Wing Time % Phy DF OF
1 Rob Niedermayer Niklas Hagman B.J. Crombeen 60 1 2 2
2 Josh Hennessy Sergei Kostitsyn Stanislav Chistov 40 1 2 2
PowerPlay Defense
Defense Defense Time % Phy DF OF
1 Vladimir Mihalik Milan Jurcina 60 1 2 2
2 Logan Stephenson Erik Karlsson 40 1 2 2
Penalty Kill 4 Players Forward
Center Wing Time % Phy DF OF
1 B.J. Crombeen Rob Niedermayer 60 1 2 2
2 Niklas Hagman Josh Hennessy 40 1 2 2
Penalty Kill 4 Players Defense
Defense Defense Time % Phy DF OF
1 Vladimir Mihalik Milan Jurcina 60 1 2 2
2 Logan Stephenson Erik Karlsson 40 1 2 2
Penalty Kill - 3 Players Forward
Forward Time % Phy DF OF
1 B.J. Crombeen 60 1 2 2
2 Rob Niedermayer 40 1 2 2
Penalty Kill - 3 Players Defense
Defense Defense Time % Phy DF OF
1 Vladimir Mihalik Milan Jurcina 60 1 2 2
2 Logan Stephenson Erik Karlsson 40 1 2 2
4 vs 4 Forward
Center Wing Time % Phy DF OF
1 B.J. Crombeen Rob Niedermayer 60 1 2 2
2 Niklas Hagman Josh Hennessy 40 1 2 2
4 vs 4 Defense
Defense Defense Time % Phy DF OF
1 Vladimir Mihalik Milan Jurcina 60 1 2 2
2 Logan Stephenson Erik Karlsson 40 1 2 2
Last Minutes Offensive
Center Left Wing Right Wing Defense Defense
Rob Niedermayer Niklas Hagman B.J. Crombeen Vladimir Mihalik Milan Jurcina
Last Minutes Defensive
Center Left Wing Right Wing Defense Defense
Rob Niedermayer Niklas Hagman B.J. Crombeen Vladimir Mihalik Milan Jurcina
Goaltenders
Starting : Jacob Markstrom
Backup : Alexander Salak
Extra Forwards
Normal : Steven Goertzen, Jack Skille, Brett Sterling - PP : Steven Goertzen, Jack Skille - PK : Brett Sterling
Extra Defensemen
Normal : Shane Sims, Patrick Wey, Logan Stephenson - PP : Shane Sims - PK : Patrick Wey, Logan Stephenson
Penalty Shots
B.J. Crombeen, Rob Niedermayer, Niklas Hagman, Josh Hennessy, Stanislav Chistov
Inferno
5 vs 5 Forward
Center Left Wing Right Wing Time % Phy DF OF
1 Colin Wilson Brad Marchand Jonathan Ferland 40 1 2 2
2 Vladimir Sobotka Stephane Veilleux Vladimir Zharkov 30 1 2 2
3 Brian Boyle David Ullstrom Pavel Vorobiev 20 1 2 2
4 Cal O'Reilly Matt Kassian Alex Berry 10 1 2 2
5 vs 5 Defense
Defense Defense Time % Phy DF OF
1 Travis Hamonic Andrej Sekera 40 1 2 2
2 Brendan Mikkelson Yannick Weber 30 1 2 2
3 Simon Danis-Pepin Mark Mitera 20 1 2 2
4 Travis Hamonic Andrej Sekera 10 1 2 2
PowerPlay Forward
Center Left Wing Right Wing Time % Phy DF OF
1 Colin Wilson Brad Marchand Jonathan Ferland 60 1 1 3
2 Vladimir Sobotka Stephane Veilleux Vladimir Zharkov 40 1 1 3
PowerPlay Defense
Defense Defense Time % Phy DF OF
1 Travis Hamonic Andrej Sekera 60 1 1 3
2 Brendan Mikkelson Yannick Weber 40 1 1 3
Penalty Kill 4 Players Forward
Center Wing Time % Phy DF OF
1 Brian Boyle Jonathan Ferland 60 1 4 0
2 Vladimir Sobotka Brad Marchand 40 1 4 0
Penalty Kill 4 Players Defense
Defense Defense Time % Phy DF OF
1 Travis Hamonic Andrej Sekera 60 1 4 0
2 Brendan Mikkelson Mark Mitera 40 1 4 0
Penalty Kill - 3 Players Forward
Forward Time % Phy DF OF
1 Brad Marchand 60 1 4 0
2 Jonathan Ferland 40 1 4 0
Penalty Kill - 3 Players Defense
Defense Defense Time % Phy DF OF
1 Travis Hamonic Andrej Sekera 60 1 4 0
2 Brendan Mikkelson Mark Mitera 40 1 4 0
4 vs 4 Forward
Center Wing Time % Phy DF OF
1 Colin Wilson Brad Marchand 60 1 2 2
2 Vladimir Sobotka Jonathan Ferland 40 1 2 2
4 vs 4 Defense
Defense Defense Time % Phy DF OF
1 Travis Hamonic Andrej Sekera 60 1 2 2
2 Brendan Mikkelson Yannick Weber 40 1 2 2
Last Minutes Offensive
Center Left Wing Right Wing Defense Defense
Colin Wilson Brad Marchand Jonathan Ferland Travis Hamonic Andrej Sekera
Last Minutes Defensive
Center Left Wing Right Wing Defense Defense
Colin Wilson Brad Marchand Jonathan Ferland Travis Hamonic Andrej Sekera
Goaltenders
Starting : Josh Harding
Backup : Jonathan Boutin
Extra Forwards
Normal : Brad Marchand, Jonathan Ferland, Pavel Vorobiev - PP : Stephane Veilleux, Cal O'Reilly - PK : Brad Marchand
Extra Defensemen
Normal : Andrej Sekera, Travis Hamonic, Brendan Mikkelson - PP : Yannick Weber - PK : Brendan Mikkelson, Andrej Sekera
Penalty Shots
Stephane Veilleux, Colin Wilson, Brad Marchand, Jonathan Ferland, Vladimir Zharkov
% Time on Ice - Senators
Lines # - Real PCT - Wanted PCT - Time Play
Normal Forward
1 - 37% - 37% - 16:13
2 - 28% - 30% - 12:13
3 - 22% - 22% - 9:34
4 - 14% - 11% - 6:24
Normal Defense
1 - 39% - 40% - 17:27
2 - 31% - 30% - 13:40
3 - 24% - 20% - 10:44
4 - 6% - 10% - 2:33
PP Forward
1 - 41% - 60% - 1:37
2 - 59% - 40% - 2:18
PP Defense
1 - 65% - 60% - 2:33
2 - 35% - 40% - 1:22
PK Forward
1 - 71% - 60% - 7:36
2 - 29% - 40% - 3:08
PK Defense
1 - 58% - 60% - 6:14
2 - 42% - 40% - 4:30
PK3 Forward
1 - 0% - 60%
2 - 0% - 40%
PK3 Defense
1 - 0% - 60%
2 - 0% - 40%
44 Forward
1 - 0% - 60%
2 - 0% - 40%
44 Defense
1 - 0% - 60%
2 - 0% - 40%
Last Minute Offensive - 0:57
Last Minute Defensive - 0:00
Total
Forward - 60:00
Defense - 60:00
|
% Time on Ice - Inferno
Lines # - Real PCT - Wanted PCT - Time Play
Normal Forward
1 - 34% - 40% - 14:57
2 - 28% - 30% - 12:25
3 - 22% - 20% - 9:50
4 - 16% - 10% - 7:15
Normal Defense
1 - 40% - 40% - 17:41
2 - 31% - 30% - 13:50
3 - 25% - 20% - 11:03
4 - 4% - 10% - 1:53
PP Forward
1 - 47% - 60% - 5:05
2 - 53% - 40% - 5:39
PP Defense
1 - 58% - 60% - 6:15
2 - 42% - 40% - 4:29
PK Forward
1 - 82% - 60% - 3:12
2 - 18% - 40% - 0:43
PK Defense
1 - 54% - 60% - 2:06
2 - 46% - 40% - 1:49
PK3 Forward
1 - 0% - 60%
2 - 0% - 40%
PK3 Defense
1 - 0% - 60%
2 - 0% - 40%
44 Forward
1 - 0% - 60%
2 - 0% - 40%
44 Defense
1 - 0% - 60%
2 - 0% - 40%
Last Minute Offensive - 0:00
Last Minute Defensive - 0:54
Total
Forward - 60:00
Defense - 60:00
|
Play by Play
1st period
0:01 of 1st period - Rob Niedermayer wins face-off versus Colin Wilson in neutral zone.
0:10 of 1st period - Wrist shot by Rob Niedermayer.
0:10 of 1st period - Shot Misses the Net.
0:12 of 1st period - Slapshot by Milan Jurcina.
0:12 of 1st period - Shot Misses the Net.
0:14 of 1st period - Slapshot by B.J. Crombeen.
0:14 of 1st period - Stopped by Josh Harding with a rebound.
0:16 of 1st period - Backhand shot by Milan Jurcina.
0:16 of 1st period - Deflect By B.J. Crombeen.
0:16 of 1st period - Shot Blocked by Travis Hamonic.
0:16 of 1st period - Puck is out of play.
0:17 of 1st period - Josh Hennessy wins face-off versus Vladimir Sobotka in Inferno zone.
0:26 of 1st period - Wrist shot by Vladimir Sobotka.
0:26 of 1st period - Shot Blocked by Logan Stephenson.
0:28 of 1st period - Backhand shot by Brendan Mikkelson.
0:28 of 1st period - Deflect By Vladimir Sobotka.
0:28 of 1st period - Stopped by Jacob Markstrom with a rebound.
0:42 of 1st period - Logan Stephenson is hit by Brian Boyle.
1:30 of 1st period - Snap shot by Brad Marchand.
1:30 of 1st period - Shot Misses the Net.
1:56 of 1st period - Slapshot by Stephane Veilleux.
1:56 of 1st period - Stopped by Jacob Markstrom with a rebound.
2:10 of 1st period - Slapshot by Brian Boyle.
2:10 of 1st period - Stopped by Jacob Markstrom without a rebound.
2:11 of 1st period - Cody Hodgson wins face-off versus Brian Boyle in Senators zone.
2:46 of 1st period - Wrist shot by Pavel Vorobiev.
2:46 of 1st period - Stopped by Jacob Markstrom with a rebound.
2:48 of 1st period - Snap shot by Brian Boyle.
2:48 of 1st period - Shot Blocked by Milan Jurcina.
2:50 of 1st period - Slapshot by Andrej Sekera.
2:50 of 1st period - Shot Misses the Net.
3:30 of 1st period - Pavel Vorobiev is hit by Milan Jurcina.
4:02 of 1st period - Wrist shot by Brian Boyle.
4:02 of 1st period - Shot Misses the Net.
4:04 of 1st period - Slapshot by Andrej Sekera.
4:04 of 1st period - Shot Blocked by Milan Jurcina.
4:34 of 1st period - Backhand shot by Brian Boyle.
4:34 of 1st period - Shot Misses the Net.
4:36 of 1st period - Slapshot by Andrej Sekera.
4:36 of 1st period - Shot Misses the Net.
4:50 of 1st period - Slapshot by Andrej Sekera.
4:50 of 1st period - Shot Blocked by Milan Jurcina.
4:52 of 1st period - Slapshot by Travis Hamonic.
4:52 of 1st period - Deflect By Pavel Vorobiev.
4:52 of 1st period - Stopped by Jacob Markstrom with a rebound.
4:54 of 1st period - Backhand shot by Andrej Sekera.
4:54 of 1st period - Shot Blocked by Milan Jurcina.
4:59 of 1st period - Slapshot by Travis Hamonic.
4:59 of 1st period - Shot Blocked by Milan Jurcina.
5:01 of 1st period - Wrist shot by David Ullstrom.
5:01 of 1st period - Stopped by Jacob Markstrom without a rebound.
5:02 of 1st period - Colin Wilson wins face-off versus Josh Hennessy in Senators zone.
5:05 of 1st period - Slapshot by Jonathan Ferland.
5:05 of 1st period - Stopped by Jacob Markstrom without a rebound.
5:06 of 1st period - Josh Hennessy wins face-off versus Colin Wilson in Senators zone.
5:38 of 1st period - Wrist shot by Vladimir Sobotka.
5:38 of 1st period - Stopped by Jacob Markstrom without a rebound.
5:39 of 1st period - Josh Hennessy wins face-off versus Vladimir Sobotka in Senators zone.
5:46 of 1st period - Snap shot by Josh Hennessy.
5:46 of 1st period - Shot Misses the Net.
5:48 of 1st period - Slapshot by Shane Sims.
5:48 of 1st period - Shot Blocked by Vladimir Sobotka.
5:50 of 1st period - Slapshot by Shane Sims.
5:50 of 1st period - Shot Misses the Net.
5:52 of 1st period - Slapshot by Shane Sims.
5:52 of 1st period - Stopped by Josh Harding with a rebound.
5:54 of 1st period - Snap shot by Josh Hennessy.
5:54 of 1st period - Stopped by Josh Harding without a rebound.
5:55 of 1st period - Colin Wilson wins face-off versus Mark Olver in Inferno zone.
6:24 of 1st period - Josh Hennessy is hit by Stephane Veilleux.
6:28 of 1st period - Snap shot by Stephane Veilleux.
6:28 of 1st period - Stopped by Jacob Markstrom without a rebound.
6:29 of 1st period - Cody Hodgson wins face-off versus Vladimir Sobotka in Senators zone.
6:56 of 1st period - Icing by Shane Sims.
6:57 of 1st period - Josh Hennessy wins face-off versus Colin Wilson in Senators zone.
7:03 of 1st period - Erik Karlsson is hit by Colin Wilson.
8:01 of 1st period - Jonathan Ferland is hit by Milan Jurcina and loses puck.
8:47 of 1st period - Wrist shot by Rob Niedermayer.
8:47 of 1st period - Stopped by Josh Harding with a rebound.
8:53 of 1st period - Rob Niedermayer is hit by Matt Kassian and loses puck.
9:04 of 1st period - Slapshot by Alex Berry.
9:04 of 1st period - Deflect By Cal O'Reilly.
9:04 of 1st period - Shot Misses the Net.
9:04 of 1st period - Puck is out of play.
9:05 of 1st period - Colin Wilson wins face-off versus Josh Hennessy in Senators zone.
9:20 of 1st period - Wrist shot by Jonathan Ferland.
9:20 of 1st period - Stopped by Jacob Markstrom with a rebound.
9:41 of 1st period - Vladimir Zharkov is hit by Brett Sterling and loses puck.
10:05 of 1st period - Snap shot by Pavel Vorobiev.
10:05 of 1st period - Stopped by Jacob Markstrom without a rebound.
10:06 of 1st period - Josh Hennessy wins face-off versus Colin Wilson in Senators zone.
10:11 of 1st period - Andrej Sekera is hit by Josh Hennessy and loses puck.
10:32 of 1st period - Milan Jurcina is hit by Stephane Veilleux and loses puck.
10:41 of 1st period - Snap shot by Vladimir Sobotka.
10:41 of 1st period - Shot Misses the Net.
11:26 of 1st period - Icing by Jonathan Ferland.
11:27 of 1st period - Cody Hodgson wins face-off versus Brian Boyle in Inferno zone.
11:54 of 1st period - Slapshot by Pavel Vorobiev.
11:54 of 1st period - Deflect By Colin Wilson.
11:54 of 1st period - Stopped by Jacob Markstrom without a rebound.
11:55 of 1st period - Colin Wilson wins face-off versus Rob Niedermayer in Senators zone.
13:09 of 1st period - Slapshot by Steven Goertzen.
13:09 of 1st period - Shot Misses the Net.
13:30 of 1st period - Snap shot by Brad Marchand.
13:30 of 1st period - Stopped by Jacob Markstrom with a rebound.
13:32 of 1st period - Snap shot by Jonathan Ferland.
13:32 of 1st period - Stopped by Jacob Markstrom with a rebound.
13:34 of 1st period - Slapshot by Brad Marchand.
13:34 of 1st period - Shot Misses the Net.
13:36 of 1st period - Snap shot by Jonathan Ferland.
13:36 of 1st period - Stopped by Jacob Markstrom with a rebound.
14:28 of 1st period - Jonathan Ferland is hit by Steven Goertzen and loses puck.
14:33 of 1st period - Wrist shot by Brett Sterling.
14:33 of 1st period - Deflect By Steven Goertzen.
14:33 of 1st period - Shot Misses the Net.
14:33 of 1st period - Puck is out of play.
14:34 of 1st period - Rob Niedermayer wins face-off versus Colin Wilson in Inferno zone.
14:39 of 1st period - Snap shot by B.J. Crombeen.
14:39 of 1st period - Stopped by Josh Harding with a rebound.
14:41 of 1st period - Slapshot by B.J. Crombeen.
14:41 of 1st period - Shot Blocked by Jonathan Ferland.
14:43 of 1st period - Snap shot by Rob Niedermayer.
14:43 of 1st period - Stopped by Josh Harding with a rebound.
14:47 of 1st period - Wrist shot by B.J. Crombeen.
14:47 of 1st period - Stopped by Josh Harding with a rebound.
16:08 of 1st period - Niklas Hagman is hit by Brad Marchand and loses puck.
16:55 of 1st period - Snap shot by Jonathan Ferland.
16:55 of 1st period - Stopped by Jacob Markstrom without a rebound.
16:56 of 1st period - Vladimir Sobotka wins face-off versus Josh Hennessy in Senators zone.
17:12 of 1st period - Icing by Milan Jurcina.
17:13 of 1st period - Josh Hennessy wins face-off versus Cal O'Reilly in Senators zone.
17:22 of 1st period - Snap shot by Josh Hennessy.
17:22 of 1st period - Stopped by Josh Harding with a rebound.
17:38 of 1st period - Stanislav Chistov is hit by Vladimir Zharkov and loses puck.
17:45 of 1st period - Snap shot by Vladimir Sobotka.
17:45 of 1st period - Shot Misses the Net.
17:47 of 1st period - Slapshot by Travis Hamonic.
17:47 of 1st period - Stopped by Jacob Markstrom with a rebound.
18:22 of 1st period - Wrist shot by Colin Wilson.
18:22 of 1st period - Deflect By Rob Niedermayer.
18:22 of 1st period - Shot Misses the Net.
18:22 of 1st period - Puck is out of play.
18:23 of 1st period - Vladimir Sobotka wins face-off versus Rob Niedermayer in Senators zone.
18:24 of 1st period - Snap shot by Stephane Veilleux.
18:24 of 1st period - Shot Misses the Net.
18:41 of 1st period - Minor Penalty to Rob Niedermayer for Hooking.
18:42 of 1st period - B.J. Crombeen wins face-off versus Jonathan Ferland in Senators zone.
18:46 of 1st period - Snap shot by Brett Sterling.
18:46 of 1st period - Shot Misses the Net.
18:54 of 1st period - Wrist shot by Brad Marchand.
18:54 of 1st period - Stopped by Jacob Markstrom without a rebound.
18:55 of 1st period - Colin Wilson wins face-off versus B.J. Crombeen in Senators zone.
19:30 of 1st period - Slapshot by Stephane Veilleux.
19:30 of 1st period - Stopped by Jacob Markstrom without a rebound.
19:31 of 1st period - Vladimir Sobotka wins face-off versus B.J. Crombeen in Senators zone.
19:57 of 1st period - Snap shot by Josh Hennessy.
19:57 of 1st period - Stopped by Josh Harding with a rebound.
Goals for this period are 0 for Senators vs 0 for Inferno.
Shots for this period are 9 for Senators vs 19 for Inferno.
2nd period
0:01 of 2nd period - B.J. Crombeen wins face-off versus Colin Wilson in neutral zone.
0:03 of 2nd period - Off-side.
0:04 of 2nd period - Colin Wilson wins face-off versus B.J. Crombeen in neutral zone.
0:09 of 2nd period - Snap shot by Brad Marchand.
0:09 of 2nd period - Shot Misses the Net.
0:13 of 2nd period - Snap shot by Colin Wilson.
0:13 of 2nd period - Shot Misses the Net.
0:41 of 2nd period - Penalty to Rob Niedermayer is over, Rob Niedermayer is back on ice.
1:09 of 2nd period - Wrist shot by Mark Olver.
1:09 of 2nd period - Shot Blocked by Brendan Mikkelson.
1:31 of 2nd period - Vladimir Zharkov is hit by Rob Niedermayer and loses puck.
1:50 of 2nd period - Snap shot by Jonathan Ferland.
1:50 of 2nd period - Shot Misses the Net.
2:08 of 2nd period - Matt Kassian is hit by Milan Jurcina and loses puck.
2:29 of 2nd period - Patrick Wey is hit by Mark Mitera.
2:51 of 2nd period - Snap shot by Stephane Veilleux.
2:51 of 2nd period - Shot Misses the Net.
3:46 of 2nd period - Snap shot by Alex Berry.
3:46 of 2nd period - Shot Misses the Net.
3:52 of 2nd period - Snap shot by Cal O'Reilly.
3:52 of 2nd period - Shot Misses the Net.
4:04 of 2nd period - Jonathan Ferland is hit by Brett Sterling.
4:10 of 2nd period - Wrist shot by Colin Wilson.
4:10 of 2nd period - Goal by Colin Wilson - Senators : 0 - Inferno : 1.
4:11 of 2nd period - Colin Wilson wins face-off versus Rob Niedermayer in neutral zone.
4:23 of 2nd period - Snap shot by Niklas Hagman.
4:23 of 2nd period - Shot Misses the Net.
4:25 of 2nd period - Slapshot by Vladimir Mihalik.
4:25 of 2nd period - Deflect By Niklas Hagman.
4:25 of 2nd period - Shot Misses the Net.
4:25 of 2nd period - Puck is out of play.
4:26 of 2nd period - Josh Hennessy wins face-off versus Vladimir Sobotka in Inferno zone.
4:52 of 2nd period - Vladimir Zharkov is hit by Steven Goertzen and loses puck.
4:53 of 2nd period - Vladimir Zharkov from Inferno is injured at 4:53 of 2nd period (Back Spasms).
4:54 of 2nd period - Rob Niedermayer wins face-off versus Colin Wilson in Inferno zone.
5:03 of 2nd period - Wrist shot by B.J. Crombeen.
5:03 of 2nd period - Goal by B.J. Crombeen - Senators : 1 - Inferno : 1.
5:04 of 2nd period - Colin Wilson wins face-off versus Rob Niedermayer in neutral zone.
5:11 of 2nd period - Wrist shot by Colin Wilson.
5:11 of 2nd period - Shot Misses the Net.
5:13 of 2nd period - Snap shot by Brad Marchand.
5:13 of 2nd period - Goal by Brad Marchand - Senators : 1 - Inferno : 2.
5:14 of 2nd period - Rob Niedermayer wins face-off versus Colin Wilson in neutral zone.
5:24 of 2nd period - Minor Penalty to Niklas Hagman for Hooking.
5:25 of 2nd period - B.J. Crombeen wins face-off versus Brad Marchand in Senators zone.
5:30 of 2nd period - Jonathan Ferland is hit by B.J. Crombeen and loses puck.
5:51 of 2nd period - Vladimir Mihalik is hit by Stephane Veilleux and loses puck.
6:48 of 2nd period - Logan Stephenson is hit by Vladimir Sobotka and loses puck.
7:24 of 2nd period - Penalty to Niklas Hagman is over, Niklas Hagman is back on ice.
7:57 of 2nd period - Icing by Patrick Wey.
7:58 of 2nd period - Mark Olver wins face-off versus Cal O'Reilly in Senators zone.
8:09 of 2nd period - Snap shot by Josh Hennessy.
8:09 of 2nd period - Shot Blocked by Cal O'Reilly.
8:11 of 2nd period - Slapshot by Stanislav Chistov.
8:11 of 2nd period - Stopped by Josh Harding without a rebound.
8:12 of 2nd period - Brad Marchand wins face-off versus Rob Niedermayer in Inferno zone.
8:38 of 2nd period - Vladimir Sobotka is hit by Stanislav Chistov.
9:00 of 2nd period - Wrist shot by Brett Sterling.
9:00 of 2nd period - Deflect By Steven Goertzen.
9:00 of 2nd period - Shot Misses the Net.
9:00 of 2nd period - Puck is out of play.
9:01 of 2nd period - Cal O'Reilly wins face-off versus Brett Sterling in Inferno zone.
9:03 of 2nd period - Minor Penalty to Cal O'Reilly for Interference.
9:04 of 2nd period - Niklas Hagman wins face-off versus Brian Boyle in Inferno zone.
9:08 of 2nd period - Slapshot by Niklas Hagman.
9:08 of 2nd period - Goal by Niklas Hagman - Senators : 2 - Inferno : 2.
9:09 of 2nd period - Rob Niedermayer wins face-off versus Jonathan Ferland in neutral zone.
9:13 of 2nd period - Milan Jurcina is hit by Travis Hamonic and loses puck.
9:34 of 2nd period - Andrej Sekera is hit by Milan Jurcina and loses puck.
9:41 of 2nd period - Snap shot by Steven Goertzen.
9:41 of 2nd period - Shot Misses the Net.
11:06 of 2nd period - Steven Goertzen is hit by Matt Kassian and loses puck.
11:15 of 2nd period - Wrist shot by Cal O'Reilly.
11:15 of 2nd period - Stopped by Jacob Markstrom without a rebound.
11:16 of 2nd period - Niklas Hagman wins face-off versus Vladimir Sobotka in Senators zone.
11:41 of 2nd period - Patrick Wey is hit by Yannick Weber and loses puck.
11:52 of 2nd period - Snap shot by Pavel Vorobiev.
11:52 of 2nd period - Goal by Pavel Vorobiev - Senators : 2 - Inferno : 3.
11:53 of 2nd period - Colin Wilson wins face-off versus B.J. Crombeen in neutral zone.
11:56 of 2nd period - Snap shot by Brad Marchand.
11:56 of 2nd period - Shot Blocked by Vladimir Mihalik.
12:18 of 2nd period - Stanislav Chistov is hit by Pavel Vorobiev.
12:22 of 2nd period - Andrej Sekera is hit by Sergei Kostitsyn.
12:40 of 2nd period - Snap shot by Cal O'Reilly.
12:40 of 2nd period - Shot Blocked by Steven Goertzen.
13:23 of 2nd period - Snap shot by Brad Marchand.
13:23 of 2nd period - Shot Blocked by Patrick Wey.
13:40 of 2nd period - Snap shot by Alex Berry.
13:40 of 2nd period - Shot Misses the Net.
13:42 of 2nd period - Snap shot by Alex Berry.
13:42 of 2nd period - Goal by Alex Berry - Senators : 2 - Inferno : 4.
13:43 of 2nd period - Rob Niedermayer wins face-off versus Colin Wilson in neutral zone.
13:46 of 2nd period - Slapshot by B.J. Crombeen.
13:46 of 2nd period - Stopped by Josh Harding with a rebound.
14:31 of 2nd period - Minor Penalty to Vladimir Sobotka for Roughing.
14:32 of 2nd period - Brian Boyle wins face-off versus Josh Hennessy in Inferno zone.
14:46 of 2nd period - Brian Boyle is hit by Logan Stephenson and loses puck.
16:31 of 2nd period - Penalty to Vladimir Sobotka is over, Vladimir Sobotka is back on ice.
17:00 of 2nd period - Wrist shot by Brett Sterling.
17:00 of 2nd period - Shot Blocked by Matt Kassian.
17:12 of 2nd period - Vladimir Sobotka is hit by Gabriel Bourque and loses puck.
17:23 of 2nd period - Colin Wilson is hit by Erik Karlsson and loses puck.
18:25 of 2nd period - Travis Hamonic is hit by Steven Goertzen and loses puck.
18:44 of 2nd period - B.J. Crombeen is hit by Matt Kassian and loses puck.
19:13 of 2nd period - Mark Mitera is hit by Mark Olver and loses puck.
19:28 of 2nd period - Vladimir Sobotka is hit by Brett Sterling.
Goals for this period are 2 for Senators vs 4 for Inferno.
Shots for this period are 4 for Senators vs 5 for Inferno.
3rd period
0:01 of 3rd period - Rob Niedermayer wins face-off versus Colin Wilson in neutral zone.
0:14 of 3rd period - Slapshot by B.J. Crombeen.
0:14 of 3rd period - Stopped by Josh Harding with a rebound.
0:16 of 3rd period - Wrist shot by B.J. Crombeen.
0:16 of 3rd period - Stopped by Josh Harding without a rebound.
0:17 of 3rd period - Vladimir Sobotka wins face-off versus Josh Hennessy in Inferno zone.
0:30 of 3rd period - Slapshot by Stephane Veilleux.
0:30 of 3rd period - Shot Blocked by Milan Jurcina.
1:07 of 3rd period - Snap shot by Steven Goertzen.
1:07 of 3rd period - Goal by Steven Goertzen - Senators : 3 - Inferno : 4.
1:08 of 3rd period - Rob Niedermayer wins face-off versus Colin Wilson in neutral zone.
1:30 of 3rd period - Icing by Jonathan Ferland.
1:31 of 3rd period - Josh Hennessy wins face-off versus Colin Wilson in Inferno zone.
1:34 of 3rd period - Snap shot by Sergei Kostitsyn.
1:34 of 3rd period - Stopped by Josh Harding without a rebound.
1:35 of 3rd period - Josh Hennessy wins face-off versus Colin Wilson in Inferno zone.
1:42 of 3rd period - Slapshot by Colin Wilson.
1:42 of 3rd period - Stopped by Jacob Markstrom with a rebound.
1:44 of 3rd period - Wrist shot by Brad Marchand.
1:44 of 3rd period - Goal by Brad Marchand - Senators : 3 - Inferno : 5.
1:45 of 3rd period - Colin Wilson wins face-off versus B.J. Crombeen in neutral zone.
1:56 of 3rd period - Snap shot by Jonathan Ferland.
1:56 of 3rd period - Stopped by Jacob Markstrom with a rebound.
1:58 of 3rd period - Wrist shot by Colin Wilson.
1:58 of 3rd period - Stopped by Jacob Markstrom without a rebound.
1:59 of 3rd period - Colin Wilson wins face-off versus Josh Hennessy in Senators zone.
2:05 of 3rd period - Icing by Vladimir Mihalik.
2:06 of 3rd period - Colin Wilson wins face-off versus Josh Hennessy in Senators zone.
2:32 of 3rd period - Vladimir Mihalik is hit by Pavel Vorobiev.
2:56 of 3rd period - Slapshot by Steven Goertzen.
2:56 of 3rd period - Shot Misses the Net.
3:03 of 3rd period - Minor Penalty to Matt Kassian for Elbowing.
3:04 of 3rd period - Rob Niedermayer wins face-off versus Brian Boyle in Inferno zone.
3:04 of 3rd period - Snap shot by B.J. Crombeen.
3:04 of 3rd period - Stopped by Josh Harding with a rebound.
3:06 of 3rd period - Slapshot by Niklas Hagman.
3:06 of 3rd period - Stopped by Josh Harding without a rebound.
3:07 of 3rd period - Brian Boyle wins face-off versus Rob Niedermayer in Inferno zone.
3:20 of 3rd period - Wrist shot by Erik Karlsson.
3:20 of 3rd period - Goal by Erik Karlsson - Senators : 4 - Inferno : 5.
3:21 of 3rd period - Rob Niedermayer wins face-off versus Colin Wilson in neutral zone.
3:24 of 3rd period - Wrist shot by B.J. Crombeen.
3:24 of 3rd period - Shot Misses the Net.
3:26 of 3rd period - Snap shot by Rob Niedermayer.
3:26 of 3rd period - Shot Blocked by Colin Wilson.
3:36 of 3rd period - Slapshot by Rob Niedermayer.
3:36 of 3rd period - Stopped by Josh Harding with a rebound.
3:48 of 3rd period - Vladimir Sobotka is hit by Stanislav Chistov and loses puck.
3:53 of 3rd period - Slapshot by Josh Hennessy.
3:53 of 3rd period - Goal by Josh Hennessy - Senators : 5 - Inferno : 5.
3:54 of 3rd period - Rob Niedermayer wins face-off versus Colin Wilson in neutral zone.
3:57 of 3rd period - Wrist shot by Rob Niedermayer.
3:57 of 3rd period - Shot Misses the Net.
3:59 of 3rd period - Snap shot by Rob Niedermayer.
3:59 of 3rd period - Stopped by Josh Harding without a rebound.
4:00 of 3rd period - Colin Wilson wins face-off versus Rob Niedermayer in Inferno zone.
4:09 of 3rd period - Slapshot by Rob Niedermayer.
4:09 of 3rd period - Shot Blocked by Travis Hamonic.
4:11 of 3rd period - Wrist shot by Rob Niedermayer.
4:11 of 3rd period - Stopped by Josh Harding without a rebound.
4:12 of 3rd period - Colin Wilson wins face-off versus Rob Niedermayer in Inferno zone.
4:23 of 3rd period - Snap shot by Rob Niedermayer.
4:23 of 3rd period - Stopped by Josh Harding with a rebound.
4:47 of 3rd period - Minor Penalty to Vladimir Mihalik for Slashing.
4:48 of 3rd period - Colin Wilson wins face-off versus B.J. Crombeen in Senators zone.
4:54 of 3rd period - Slapshot by Colin Wilson.
4:54 of 3rd period - Shot Misses the Net.
5:24 of 3rd period - Snap shot by Cal O'Reilly.
5:24 of 3rd period - Stopped by Jacob Markstrom without a rebound.
5:25 of 3rd period - Vladimir Sobotka wins face-off versus Niklas Hagman in Senators zone.
5:34 of 3rd period - Slapshot by Cal O'Reilly.
5:34 of 3rd period - Stopped by Jacob Markstrom with a rebound.
5:36 of 3rd period - Snap shot by Vladimir Sobotka.
5:36 of 3rd period - Goal by Vladimir Sobotka - Senators : 5 - Inferno : 6.
5:37 of 3rd period - Colin Wilson wins face-off versus Rob Niedermayer in neutral zone.
5:46 of 3rd period - Snap shot by Brad Marchand.
5:46 of 3rd period - Shot Blocked by Erik Karlsson.
6:08 of 3rd period - Off-side.
6:09 of 3rd period - Colin Wilson wins face-off versus Cody Hodgson in neutral zone.
6:18 of 3rd period - Snap shot by Brad Marchand.
6:18 of 3rd period - Stopped by Jacob Markstrom with a rebound.
6:41 of 3rd period - Snap shot by Rob Niedermayer.
6:41 of 3rd period - Shot Blocked by Brendan Mikkelson.
7:03 of 3rd period - Slapshot by Alex Berry.
7:03 of 3rd period - Shot Blocked by Sergei Kostitsyn.
7:05 of 3rd period - Slapshot by Travis Hamonic.
7:05 of 3rd period - Goal by Travis Hamonic - Senators : 5 - Inferno : 7.
7:05 of 3rd period - Alexander Salak enters game.
7:06 of 3rd period - Brad Marchand wins face-off versus Rob Niedermayer in neutral zone.
7:31 of 3rd period - Slapshot by Brett Sterling.
7:31 of 3rd period - Stopped by Josh Harding with a rebound.
7:33 of 3rd period - Slapshot by Shane Sims.
7:33 of 3rd period - Deflect By Steven Goertzen.
7:33 of 3rd period - Deflect By Jonathan Ferland.
7:33 of 3rd period - Shot Blocked by Andrej Sekera.
7:33 of 3rd period - Puck is out of play.
7:34 of 3rd period - Cody Hodgson wins face-off versus Vladimir Sobotka in Inferno zone.
8:24 of 3rd period - Slapshot by Sergei Kostitsyn.
8:24 of 3rd period - Stopped by Josh Harding with a rebound.
8:26 of 3rd period - Wrist shot by Josh Hennessy.
8:26 of 3rd period - Stopped by Josh Harding with a rebound.
8:28 of 3rd period - Slapshot by Logan Stephenson.
8:28 of 3rd period - Stopped by Josh Harding without a rebound.
8:29 of 3rd period - Colin Wilson wins face-off versus Cody Hodgson in Inferno zone.
8:50 of 3rd period - Minor Penalty to Steven Goertzen for Holding.
8:51 of 3rd period - Colin Wilson wins face-off versus B.J. Crombeen in Senators zone.
9:06 of 3rd period - Slapshot by Andrej Sekera.
9:06 of 3rd period - Shot Misses the Net.
10:14 of 3rd period - Icing by Cal O'Reilly.
10:15 of 3rd period - Cal O'Reilly wins face-off versus Brett Sterling in Inferno zone.
10:36 of 3rd period - Wrist shot by Niklas Hagman.
10:36 of 3rd period - Stopped by Josh Harding with a rebound.
10:50 of 3rd period - Penalty to Steven Goertzen is over, Steven Goertzen is back on ice.
10:58 of 3rd period - Minor Penalty to Shane Sims for Tripping.
10:59 of 3rd period - B.J. Crombeen wins face-off versus Vladimir Sobotka in Senators zone.
10:59 of 3rd period - B.J. Crombeen is hit by Cal O'Reilly.
11:41 of 3rd period - Erik Karlsson is hit by Yannick Weber.
12:58 of 3rd period - Penalty to Shane Sims is over, Shane Sims is back on ice.
13:01 of 3rd period - Shane Sims is hit by Cal O'Reilly.
13:19 of 3rd period - Wrist shot by David Ullstrom.
13:19 of 3rd period - Deflect By Brian Boyle.
13:19 of 3rd period - Shot Misses the Net.
13:19 of 3rd period - Puck is out of play.
13:20 of 3rd period - Mark Olver wins face-off versus Brian Boyle in Senators zone.
13:20 of 3rd period - Mark Olver is hit by David Ullstrom.
13:31 of 3rd period - Minor Penalty to Mark Mitera for Hooking.
13:32 of 3rd period - Brian Boyle wins face-off versus Rob Niedermayer in Inferno zone.
14:15 of 3rd period - Icing by Sergei Kostitsyn.
14:16 of 3rd period - Vladimir Sobotka wins face-off versus Josh Hennessy in Senators zone.
14:17 of 3rd period - Wrist shot by Brad Marchand.
14:17 of 3rd period - Stopped by Alexander Salak with a rebound.
14:40 of 3rd period - Icing by Milan Jurcina.
14:41 of 3rd period - Stanislav Chistov wins face-off versus Brian Boyle in Senators zone.
15:03 of 3rd period - Snap shot by Stanislav Chistov.
15:03 of 3rd period - Stopped by Josh Harding with a rebound.
15:05 of 3rd period - Slapshot by Stanislav Chistov.
15:05 of 3rd period - Goal by Stanislav Chistov - Senators : 6 - Inferno : 7.
15:06 of 3rd period - Brian Boyle wins face-off versus Cody Hodgson in neutral zone.
15:13 of 3rd period - Backhand shot by Yannick Weber.
15:13 of 3rd period - Stopped by Alexander Salak with a rebound.
15:15 of 3rd period - Slapshot by Yannick Weber.
15:15 of 3rd period - Shot Misses the Net.
15:36 of 3rd period - Jonathan Ferland is hit by B.J. Crombeen and loses puck.
15:53 of 3rd period - Jack Skille is hit by Yannick Weber and loses puck.
16:14 of 3rd period - Wrist shot by Josh Hennessy.
16:14 of 3rd period - Stopped by Josh Harding with a rebound.
16:16 of 3rd period - Wrist shot by Josh Hennessy.
16:16 of 3rd period - Stopped by Josh Harding without a rebound.
16:17 of 3rd period - Colin Wilson wins face-off versus Cody Hodgson in Inferno zone.
16:17 of 3rd period - Colin Wilson is hit by Milan Jurcina.
16:33 of 3rd period - Snap shot by Jonathan Ferland.
16:33 of 3rd period - Shot Misses the Net.
16:36 of 3rd period - Minor Penalty to Cody Hodgson for Roughing.
16:37 of 3rd period - B.J. Crombeen wins face-off versus Colin Wilson in Senators zone.
18:34 of 3rd period - Icing by Stephane Veilleux.
18:35 of 3rd period - Brad Marchand wins face-off versus Josh Hennessy in Inferno zone.
18:36 of 3rd period - Penalty to Cody Hodgson is over, Cody Hodgson is back on ice.
19:27 of 3rd period - Senators, Alexander Salak is pulled from the net.
19:52 of 3rd period - Off-side.
19:53 of 3rd period - Doug Gilmour call a timeout for Senators.
19:53 of 3rd period - Rob Niedermayer wins face-off versus Colin Wilson in neutral zone.
Goals for this period are 4 for Senators vs 3 for Inferno.
Shots for this period are 21 for Senators vs 11 for Inferno.
Output by the SimonT Hockey Simulator (STHS) for François Prévost -- Original Page W3C XHTML 1.0 Valid